 BcadrenCrawl: Boulder Brew version 0.06-688-g08e91b2d95 (webtiles) character file.

Game seed: 10050066608583604298

3908 Leeroy the Carver (level 10, -7/108 HPs) Minotaur Merfolk. Began on Jan 31, 2023. Was a Follower of Wu Jian. Killed by divine providence ... invoked by an orc priest (12 damage) ... on level 5 of the Dungeon. The game lasted 00:20:06 (7734 turns).

Leeroy the Carver (Minotaur Merfolk)                Turns: 7734, Time: 00:20:07

Health: -7/108     AC:  6    Str: 20    XL:     10 ^: 5389
Magic:  0/9        EV: 23    Int:  4    God:    Wu Jian [1* [34]]
Gold:   345        SH:  0    Dex: 25    Spells: 9/9 levels left

rFire    + . .     Slash    x   K - +0 great sword
rCold    + . .     Pierce   .   (also wielding the above weapon)
rNeg     . . .     Bludgeon .   M - +2 leather armour {rF+}
rCorr    . . .     Vision   .   c - +0 hat
rPois    .         Gourm    .   r - +0 cloak
rElec    .         Faith    .   (no gloves)
MR       .....     Spirit   +   (no boots)
HPRegen  0.46/turn Reflect  .   H - amulet of guardian spirit
MPRegen  0.19/turn Harm     .   o - ring of dexterity
Stlth    ++........             G - ring of dexterity

@: studying 2 skills
A: horns, retaliatory headbutt 2, cold resistance 1, merfolk tail, soft flesh
a: Renounce Religion


You were on level 5 of the Dungeon.
You worshipped Wu Jian.
Wu Jian was aware of your devotion.
You were not hungry.

You visited 2 branches of the dungeon, and saw 6 of its levels.

You collected 345 gold pieces.

Inventory:

Weapons
 a - a +0 long sword
 e - a +2 spear of freezing
 i - a cursed +3 hunting sling {(Curse: rC-)}
 s - a +2 flail of protection
 x - a +3 battleaxe
 E - a +1 hatchet of freezing
 K - a +0 great sword (weapon)
Armour
 b - a +0 leather armour
 c - a +0 hat (worn)
 r - a +0 cloak (worn)
 M - a +2 leather armour of fire resistance (worn)
Jewellery
 h - a cursed amulet of the acrobat {(Curse: *Drain)}
 n - a cursed amulet of faith {(Curse: *Corrode)}
 o - a ring of dexterity (left hand)
 t - a cursed ring of protection {(Curse: *Tele)}
 v - a cursed amulet of reflection {(Curse: Int-5)}
 w - an uncursed amulet of guardian spirit
 D - an uncursed ring of ice
 F - an uncursed ring of wizardry
 G - a ring of dexterity (right hand)
 H - an amulet of guardian spirit (around neck)
 I - an uncursed amulet of harm
 L - an uncursed ring of protection from magic
 N - an uncursed ring of positive energy
Wands
 d - a wand of ensnaring (6)
 u - a wand of random effects (19)
 y - a wand of flame (14)
Scrolls
 j - 3 scrolls of teleportation
 l - a scroll of summoning
 A - a scroll of enchantment
 B - a scroll of torment
 C - 2 scrolls of fog
 J - a scroll of immolation
 O - a scroll of magic mapping
Potions
 g - a potion of amnesia
 k - a potion of brilliance
 m - 4 potions of mutation
 q - a potion of magic
 z - a potion of haste
Comestibles
 f - 13 rations
 p - 6 chunks of flesh


   Skills:
 + Level 11.0 Fighting
 - Level 12.0 Long Blades
 - Level 11.1 Dodging
 - Level 1.7 Evocations


You had 9 spell levels left.
You didn't know any spells.
Your spell library was empty.

Dungeon Overview and Level Annotations

Branches:
Dungeon (5/8)              Temple (1/1) D:4
   Lair: D:5

Altars:
Ashenzari
Cheibriados
Dithmenos
Fedhas Madash
Gozag Ym Sagoz
Hepliaklqana
Kikubaaqudgha
Makhleb
Nemelex Xobeh
Okawaru
Qazlal
Sif Muna
Trog
Uskayaw
Vehumet
Wu Jian
Xom
Yredelemnul
Zin
The Shining One

Annotations:
D:5 Urug


Innate Abilities, Weirdness & Mutations

You reflexively attack those that strike you in melee with your horns.
You are cold resistant. (rC+)
On contact with water, your feet merge into a fishtail, which allows you to swim quickly, evasively and stealthily.
Your soft flesh is weak to deep cuts.
Heavy manmade armour will nullify this weakness. (rSlashing-)


Message History

The troll is moderately wounded. (25/33) HP An orc wizard comes into view.
The troll bites you (4). The troll claws you (7)!
You are lacerated severely!
The troll claws you (9)!
You are lacerated severely!
You hit the troll (4). You headbutt the troll (2).
The troll is moderately wounded. (20/33) HP The orc priest calls down the wrath of Beogh upon you.
Beogh smites you!
* * * LOW HITPOINT WARNING * * *
The troll bites you (12)!
* * * LOW HITPOINT WARNING * * *
The troll closely misses you. The troll claws you (10)!
You are lacerated severely!
* * * LOW HITPOINT WARNING * * *
The orc wizard gestures wildly while chanting.
The orc wizard seems to speed up.
The orc priest invokes the aid of Beogh against you.
Beogh smites you!
You die...

#.....#### #.#
#.....# #.#
#.....# #.#
#.....# #.# ##
#.....# ####.#
... ......#
#....# ....
....##
#.#########..)..
._...#
#.####..o.o.....
..o?.####
#..@.TH.o†...%..
........#
######.....#####
#[o....# #.....#
#.....# #######
#.....#
###...^.#
oo'.....#
###.....#
.##.....#


You could see a hippogriff, a troll, an orc priest, an orc wizard (fast) and an
orc.

Vanquished Creatures
  A wyvern (D:5)
  A bone scorpion (D:4)
  2 scorpions (D:3)
  3 ice beasts
  2 sky beasts (D:4)
  3 ogres
  7 big kobolds
  A centaur (D:4)
  5 howler monkeys (D:4)
  A quasit (D:5)
  4 wights
  17 jellies
  3 hounds
  4 orc wizards
  3 worker ants
  3 wyvern zombies (D:4)
  2 water moccasin skeletons
  3 wyvern skeletons (D:4)
  10 giant cockroaches
  A boggart skeleton (D:4)
  4 cysgobwcod
  6 adders
  A gnoll (D:1)
  2 gwybwcod (D:4)
  28 sewer rats (D:2)
  3 worms (D:2)
  7 cinder newts
  4 bullfrogs
  An ooze (D:2)
  A dart slug (D:1)
  5 leopard geckos
  23 orcs
  7 ball pythons
  A cinder newt skeleton (D:2)
  5 goblins (D:1)
  4 hobgoblins (D:1)
  4 jackals (D:4)
  24 kobolds
  A quokka (D:4)
  6 bats
  A bat skeleton (D:2)
  A hobgoblin skeleton (D:2)
  A kobold skeleton (D:2)
  A leopard gecko skeleton (D:3)
  2 quokka skeletons
  3 rats
  A giant blowfly (D:2)
  2 withered plants (D:2)
225 creatures vanquished.

Vanquished Creatures (others)
  A jelly (D:2)
  A sewer rat (D:2)
  A bat (D:2)
  A kobold (D:2)
  A bat skeleton (D:2)
  5 bushes (D:5)
  A fungus (D:5)
  17 plants (D:5)
  4 slimeheads (D:2)
  96 withered plants (D:2)
128 creatures vanquished.

Grand Total: 353 creatures vanquished

Notes
Turn   | Place    | Note
-------+----------+-------------------------------------------
     0 | D:1      | Leeroy the Minotaur Merfolk began the quest for the Orb.
     0 | D:1      | Reached XP level 1. HP: 27/27 MP: 0/0
    70 | D:1      | Reached skill level 4 in Long Blades
    86 | D:1      | Reached XP level 2. HP: 36/36 MP: 1/1
   120 | D:1      | Reached skill level 5 in Long Blades
   197 | D:1      | Reached XP level 3. HP: 45/45 MP: 2/2
   276 | D:1      | Reached skill level 6 in Long Blades
   410 | D:1      | Reached XP level 4. HP: 44/54 MP: 3/3
   681 | D:1      | Reached skill level 7 in Long Blades
   795 | D:2      | Reached XP level 5. HP: 35/63 MP: 4/4
  1079 | D:2      | Reached skill level 8 in Long Blades
  1279 | D:2      | Reached XP level 6. HP: 49/72 MP: 5/5
  1345 | D:2      | Reached skill level 9 in Long Blades
  1513 | D:2      | Reached skill level 10 in Long Blades
  1517 | D:2      | Reached XP level 7. HP: 43/81 MP: 6/6
  1561 | D:2      | Reached skill level 11 in Long Blades
  2352 | D:2      | Reached skill level 12 in Long Blades
  2440 | D:2      | Reached XP level 8. HP: 40/90 MP: 7/7
  2462 | D:2      | Reached skill level 5 in Dodging
  4125 | D:3      | Reached skill level 10 in Dodging
  4495 | D:3      | Reached XP level 9. HP: 73/99 MP: 8/8
  5047 | D:4      | Reached skill level 5 in Fighting
  5233 | D:3      | HP: 4/99 [poisoned by a wight]
  5239 | D:3      | HP: 4/99 [poisoned by a wight]
  5245 | D:3      | HP: 4/99 [poisoned by a wight]
  6150 | D:4      | Found a stormy altar of Qazlal.
  6188 | D:4      | HP: 3/99 [wyvern skeleton (6)]
  6194 | D:4      | HP: 2/99 [wyvern skeleton (10)]
  6266 | D:3      | HP: 2/99 [something/nerve-wracking pain (4)]
  6692 | D:4      | Found a staircase to the Ecumenical Temple.
  6711 | Temple   | Entered the Ecumenical Temple
  6915 | Temple   | Became a worshipper of the Wu Jian Council
  7155 | D:4      | Reached skill level 10 in Fighting
  7309 | D:5      | Entered Level 5 of the Dungeon
  7491 | D:5      | Found a glowing golden altar of the Shining One.
  7493 | D:5      | Noticed Urug
  7574 | D:4      | Reached * piety under Wu Jian
  7731 | D:5      | Reached XP level 10. HP: 76/108 MP: 7/9
  7733 | D:5      | HP: 5/108 [troll (9)]
  7734 | D:5      | Killed from afar by an orc priest

Illustrated notes

Levels and vault maps discovered:
D:1:      lemuel_arrival_muddy, layout_basic
D:2:      layout_sewer, first_ration
D:3:      layout_gridville, blue_anna_alchemist [blue_anna_fruit_fields,
          blue_anna_fruit_fields]
D:4:      layout_layer_cave, lemuel_round_altar, minmay_temple_entry_ruins
D:5:      layout_basic, minmay_lair_entry_grove, basic_altar, uniq_erolcha,
          uniq_urug
Temple:   regret_index_temple_mists

Skill      XL: |  1  2  3  4  5  6  7  8  9 |
---------------+----------------------------+-----
Long Blades    | 4 5 6 7 8 10 12 | 12.0
Dodging        | 4 11 | 11.1
Fighting       | 11 | 11.0
Evocations     | |  1.7

Action                   |  1- 3 |  4- 6 |  7- 9 | 10-12 || total
-------------------------+-------+-------+-------+-------++-------
Melee: Long sword        |    22 |    89 |   350 |       ||   461
       Unarmed           |    13 |    62 |   285 |       ||   360
       Headbutt          |     5 |    20 |   102 |     2 ||   129
       Peck              |       |     9 |    18 |       ||    27
       Great sword       |       |       |    41 |     2 ||    43
Invok: Lunge             |       |       |     7 |       ||     7
Evoke: Wand              |       |       |     6 |       ||     6
  Use: Potion            |       |       |     4 |       ||     4
       Scroll            |       |       |     2 |       ||     2
 Stab: Distracted        |       |       |     2 |       ||     2
       Sleeping          |       |       |     2 |       ||     2
       Held in net/web   |       |       |     2 |       ||     2
  Eat: Chunk             |       |     2 |    13 |       ||    15
       Ration            |       |       |     2 |       ||     2
Armor: Leather armour    |     8 |    21 |    75 |       ||   104
Dodge: Dodged            |     8 |    46 |   152 |     2 ||   208
       Rpst.: Long sword |     1 |    18 |    33 |       ||    52
       Great sword       |       |       |     3 |       ||     3
